 Dungeon Crawl Stone Soup version 0.24-a0-282-g1a68c91 (webtiles) character file.

Game seed: 3019169336792499105

15 Lanoc the Skirmisher (level 2, -1/27 HPs)
             Began as a Draconian Wanderer on May 3, 2019.
             Slain by an orc (2 damage)
             ... on level 3 of the Dungeon.
             The game lasted 00:00:54 (269 turns).

Lanoc the Skirmisher (Draconian Wanderer)            Turns: 269, Time: 00:00:55

Health: -1/27      AC:  4    Str: 15    XL:     2   Next: 34%
Magic:  2/2        EV: 11    Int: 13    God:
Gold:   0          SH:  0    Dex:  8    Spells: 1/1 levels left

rFire    . . .     SeeInvis .   a - +2 dagger
rCold    . . .     Gourm    .   (no shield)
rNeg     . . .     Faith    .   (armour unavailable)
rPois    .         Spirit   .   (helmet restricted)
rElec    .         Reflect  .   (no cloak)
rCorr    .         Harm     .   (no gloves)
MR       .....                  (no boots)
Stlth    ++........             (no amulet)
HPRegen  0.09/turn              (no ring)
MPRegen  0.08/turn              (no ring)

@: no status effects
A: unfitting armour, cold-blooded, AC +4
a: no special abilities


You were on level 3 of the Dungeon.
You were not hungry.

You visited 1 branch of the dungeon, and saw 3 of its levels.

Inventory:

Hand Weapons
 a - a +2 dagger (weapon)
 c - a +0 spear
Scrolls
 b - a scroll of fear
Comestibles
 f - a ration


   Skills:
 + Level 4.2 Fighting
 - Level 1.0 Throwing
 - Level 1.7 Stealth
   Level 1.0 Shields
   Level 3.0 Necromancy


You had one spell level left.
You didn't know any spells.
Your spell library contained the following spells:

 Spells                   Type           Power        Failure   Level  Hunger
 Corpse Rot               Necr           N/A          14%         2    ###....
 Sublimation of Blood     Necr           #.........   14%         2    ###....


Dungeon Overview and Level Annotations

Branches:
Dungeon (3/15)

Altars:


Innate Abilities, Weirdness & Mutations

Your plain brown scales are hard. (AC +4)
You cannot fit into any form of body armour.
You are cold-blooded and may be slowed by cold attacks.


Message History

The orc closely misses you.
You barely miss the orc.
The orc is moderately wounded.
The orc hits you.
* * * LOW HITPOINT WARNING * * *
You hit the orc but do no damage.
The orc is lightly wounded.
The orc barely misses you.
You hit the orc but do no damage.
Your tail-slap misses the orc.
The orc is lightly wounded.
The orc hits you.
* * * LOW HITPOINT WARNING * * *
You hit the orc but do no damage.
The orc is lightly wounded.
The orc hits you.
* * * LOW HITPOINT WARNING * * *
You hit the orc.
The orc is heavily wounded.
The orc hits you.
You die...

### ### #######.####.#
#....o@.##...#
##.####.##.#.# #.#
#.##.#.# #)####....#.#
#...#######.#
########'#######.#
#...o.S..........#
#.....g.....(....#
.................#########


You could see an orc.

Vanquished Creatures
  An adder (D:3)
  A bat (D:3)
  A goblin (D:1)
  A hobgoblin (D:3)
  A frilled lizard (D:1)
  A kobold (D:1)
6 creatures vanquished.

Notes
Turn   | Place    | Note
-------+----------+-------------------------------------------
     0 | D:1      | Lanoc the Draconian Wanderer began the quest for the Orb.
     0 | D:1      | Lanoc set off with the following items: a +2 dagger, a
                  | scroll of fear, a +0 spear, a ration; and the following
                  | spells available to memorise: Corpse Rot, Sublimation of
                  | Blood
     0 | D:1      | Reached XP level 1. HP: 19/19 MP: 1/1
   244 | D:3      | Reached skill level 4 in Fighting
   244 | D:3      | Reached XP level 2. HP: 6/27 MP: 2/2
   263 | D:3      | HP: 1/27 [orc (2)]
   269 | D:3      | Slain by an orc

Levels and vault maps discovered:
D:1:      minmay_arrival_plants_in_alcoves, layout_basic, hangedman_decor_lopped
D:2:      layout_loops_ring, dancing_weapons_uskayaw, lemuel_doored_altar,
          bloody_makhleb
D:3:      layout_basic, first_ration, minmay_close_crescents

Skill      XL: |  1 |
---------------+----+-----
Fighting       | 4 |  4.2
Throwing       | |  1.0
Stealth        | |  1.7
Shields        | |  1.0
Necromancy     | |  3.0

Action                   || total
-------------------------++-------
Melee: Dagger            ||    39
       Tailslap          ||     2
Armor: Skin              ||    11
Dodge: Dodged            ||    28

Table legend:
 A = Non-vault XP
 B = Vault XP
 C = Vault XP percentage of total XP
 D = Non-vault monster count
 E = Vault monster count
 F = Vault count percentage of total count
                 A         B        C        D         E       F
            +---------+---------+-------+---------+---------+-------
      Total |      22 |       0 |   0.0 |       6 |       0 |   0.0
            +---------+---------+-------+---------+---------+-------
        D:1 |       4 |       0 |   0.0 |       3 |       0 |   0.0
        D:3 |      18 |       0 |   0.0 |       3 |       0 |   0.0
            +---------+---------+-------+---------+---------+-------
